 Dungeon Crawl Stone Soup version 0.20.1-1-g8b1a95d (webtiles) character file.

239 boomboom the Shield-Bearer (level 6, -1/55 HPs)
             Began as a Hill Orc Fighter on Nov 30, 2017.
             Was a Follower of Okawaru.
             Killed by divine providence
             ... invoked by an orc priest
              (11 damage)
             ... on level 5 of the Dungeon.
             The game lasted 00:11:20 (1264 turns).

boomboom the Shield-Bearer (Hill Orc Fighter)       Turns: 1264, Time: 00:11:20

Health: -1/55      AC:  9    Str: 20    XL:     6   Next: 7%
Magic:  6/6        EV:  8    Int:  8    God:    Okawaru [*.....]
Gold:   39         SH:  9    Dex: 11    Spells: 5/5 levels left

rFire    . . .     SeeInvis .   i - +3 hand axe
rCold    . . .     Gourm    .   c - +0 shield
rNeg     . . .     Faith    .   b - +0 scale mail
rPois    .         Spirit   .   (no helmet)
rElec    .         Reflect  .   (no cloak)
rCorr    .         Harm     .   w - +0 pair of gloves
MR       .....                  (no boots)
Stlth    +.........             (no amulet)
Regen    0.2/turn               g - +1 ring of protection
MPRegen  0.1/turn               z - ring of stealth

@: no status effects
A: no striking features
a: Heroism, Renounce Religion, Convert to Beogh


You were on level 5 of the Dungeon.
You worshipped Okawaru.
Okawaru was aware of your devotion.
You were not hungry.

You visited 1 branch of the dungeon, and saw 5 of its levels.

You collected 39 gold pieces.

Inventory:

Hand Weapons
 a - a +0 war axe
 i - a +3 hand axe (weapon)
 o - a +3 dagger of protection
 q - a +4 spear
 u - a +0 falchion
 x - a +0 hunting sling
Missiles
 t - 6 needles of paralysis
Armour
 b - a +0 scale mail (worn)
 c - a +0 shield (worn)
 h - a +0 leather armour
 v - a +0 pair of gloves
 w - a +0 pair of gloves (worn)
 A - a +0 robe
Jewellery
 g - a +1 ring of protection (left hand)
 z - a ring of stealth (right hand)
Scrolls
 e - a scroll of amnesia {unknown}
 m - a scroll of identify {unknown}
 r - a scroll of random uselessness {unknown}
 y - a scroll of recharging {unknown}
Potions
 d - 3 potions of might
 j - a potion of lignification {unknown}
 k - a potion of mutation {unknown}
 l - a potion of flight {unknown}
 p - a potion of agility {unknown}
 s - a potion of curing {unknown}
Comestibles
 f - 2 bread rations
 n - 3 meat rations


   Skills:
 + Level 4.8 Fighting
 + Level 4.5 Axes
 + Level 4.1 Armour
 + Level 1.1 Dodging
 + Level 4.8 Shields


You had 5 spell levels left.
You didn't know any spells.

Dungeon Overview and Level Annotations

Branches:
Dungeon (5/15)
 Temple: D:4-7

Altars:
Dithmenos
Okawaru


Message History

You kill the orc!
Okawaru accepts your kill. The adder zombie bites you.
You slash the adder zombie!
The adder zombie is heavily damaged.
The orc priest begins to cast a cantrip, but forgets the words!
The adder zombie bites you but does no damage.
You slash the adder zombie!
You destroy the adder zombie!
Okawaru accepts your kill.
You slash the orc!
You kill the orc!
Okawaru accepts your kill.
The orc priest calls down the wrath of Beogh upon you.
Beogh smites you!
* * * LOW HITPOINT WARNING * * *
You hit the orc but do no damage. The orc hits you but does no damage.
The orc priest calls down the wrath of Beogh upon you.
Beogh smites you!
You die...

..= ....####+## ## ..
..........#.# #.... #
#.#.....#.# #....
.#+#.......#.# #.#.#
....#.#+#.#.#.# #.#o##
....+#.#.#.#.#.#.#.#.#
....#.#.#.#.#.#(#o#.#
.#+#.#.#.#.#.#.#@#.#
#'#'#.#.#.#.#.#!#.#
.....#.#.#.#.#.#.#+
.....+#.#.#.#.#.#.#
.....#.#.#.#.#.#.#..
......#.#.#.#.#.#.#.#
+#'#.#.#.#.#.#. #.#.#
#.#.#.#.#.#.#. #.##
.#.#.#.#.#.#.# #.#


You could see an orc priest and an orc.

Vanquished Creatures
  A howler monkey (D:4)
  A hound (D:5)
  2 orc wizards
  A worker ant (D:4)
  5 adders
  2 oozes
  An adder zombie (D:5)
  A worm (D:5)
  6 orcs
  2 giant cockroaches
  2 goblins
  3 hobgoblins
  2 kobolds
  2 quokkas (D:4)
  A bat (D:1)
  4 frilled lizards
  A leopard gecko skeleton (D:5)
37 creatures vanquished.

Notes
Turn   | Place    | Note
-------+----------+-------------------------------------------
     0 | D:1      | boomboom the Hill Orc Fighter began the quest for the Orb.
     0 | D:1      | Reached XP level 1. HP: 19/19 MP: 1/1
   215 | D:2      | Reached XP level 2. HP: 25/27 MP: 2/2
   260 | D:2      | Found an iron altar of Okawaru.
   274 | D:2      | Became a worshipper of Warmaster Okawaru
   346 | D:2      | Reached XP level 3. HP: 28/33 MP: 3/3
   857 | D:4      | Reached XP level 4. HP: 41/41 MP: 4/4
   995 | D:4      | Reached XP level 5. HP: 43/47 MP: 5/5
  1082 | D:5      | Entered Level 5 of the Dungeon
  1159 | D:5      | Reached * piety under Okawaru
  1167 | D:5      | Found a shadowy altar of Dithmenos.
  1253 | D:5      | Reached skill level 1 in Dodging
  1253 | D:5      | Reached XP level 6. HP: 47/55 MP: 6/6
  1264 | D:5      | Killed from afar by an orc priest

Skill      XL: |  1  2  3  4  5 |
---------------+----------------+-----
Fighting       | 4 |  4.8
Axes           | 3 4 |  4.5
Shields        | 4 |  4.8
Armour         | 4 |  4.1
Dodging        | 1 |  1.1

Action                   |  1- 3 |  4- 6 || total
-------------------------+-------+-------++-------
Melee: War axe           |    20 |       ||    20
       Hand axe          |    42 |    80 ||   122
  Eat: Bread ration      |     1 |       ||     1
Armor: Scale mail        |    18 |    33 ||    51
Dodge: Dodged            |    21 |    20 ||    41
Block: Shield            |    35 |    19 ||    54
